 Dungeon Crawl Stone Soup version 0.27-a0-633-gc6addc0a40 (webtiles) character file.

Game seed: 1861669528786488860

14144 jestyr24 the Fighter (level 12, -2/76 HPs)
             Began as a Gargoyle Conjurer on Mar 12, 2021.
             Was an Elder of Vehumet.
             Slain by a boulder beetle (20 damage)
             ... on level 11 of the Dungeon on Mar 13, 2021.
             The game lasted 01:42:41 (12962 turns).

jestyr24 the Fighter (Gargoyle Conjurer)           Turns: 12962, Time: 01:42:42

Health: -2/76      AC: 12    Str: 11    XL:     12   Next: 13%
Magic:  6/22       EV: 13    Int: 24    God:    Vehumet [****..]
Gold:   319        SH:  0    Dex:  8    Spells: 10/25 levels left

rFire    . . .     SeeInvis +   Q - +5 flail (freeze)
rCold    . . .     Faith    .   (no shield)
rNeg     + . .     Spirit   .   (no armour)
rPois    ∞         Reflect  .   (no helmet)
rElec    +         Harm     .   G - +2 cloak {rPois}
rCorr    .         Rampage  .   (no gloves)
Will     .....                  (no boots)
Stlth    +++.......             d - amulet of regeneration
HPRegen  1.22/turn              n - ring of see invisible
MPRegen  0.18/turn              (no ring)

@: no status effects
A: AC +8, negative energy resistance 1, electricity resistance, torment
resistance 1, unbreathing 1, petrification resistance
a: Renounce Religion


You were on level 11 of the Dungeon.
You worshipped Vehumet.
Vehumet was greatly pleased with you.
You visited 2 branches of the dungeon, and saw 13 of its levels.

You collected 704 gold pieces.
You spent 385 gold pieces at shops.

Inventory:

Hand Weapons
 f - a +1 vorpal shortbow
 s - a +2 vampiric dagger
 C - a +0 flail
 E - a +2 war axe of flaming
 L - a +5 quarterstaff of chaos
 M - a +1 vorpal mace
 O - a +5 spear of venom
 Q - a +5 flail of freezing (weapon)
Missiles
 c - 568 stones
 h - 20 boomerangs
 p - 6 curare-tipped darts
 t - 35 poisoned darts
 D - 275 arrows
 R - 5 silver boomerangs
Armour
 m - +2 acid dragon scales
 z - the +2 leather armour of Juvul {Regen+ Str-2 Dex+4}
   (You took it off an orc on level 4 of the Dungeon)

   It affects your strength (-2).
   It affects your dexterity (+4).
   It increases your rate of regeneration.
 G - a +2 cloak of poison resistance (worn)
 K - +0 ice dragon scales
 P - a +2 kite shield
Magical Staves
 r - a staff of fire
 y - a staff of poison
Jewellery
 d - an amulet of regeneration (around neck)
 g - an amulet of the acrobat
 n - a ring of see invisible (right hand)
Wands
 j - a wand of acid (12)
 u - a wand of digging (7)
 v - a wand of iceblast (19)
 I - a wand of paralysis (18)
 U - a wand of polymorph (6)
Scrolls
 a - 2 scrolls of fog {unknown}
 i - a scroll of silence {unknown}
 k - 11 scrolls of identify
 o - a scroll of enchant armour
 x - 4 scrolls of teleportation
 J - a scroll of acquirement {unknown}
 S - a scroll of blinking {unknown}
 T - a scroll of immolation
Potions
 b - 6 potions of curing
 e - 2 potions of resistance
 q - 2 potions of might {unknown}
 w - 3 potions of haste
 A - a potion of brilliance {unknown}
 B - 2 potions of cancellation {unknown}
 F - a potion of berserk rage {unknown}
 H - 3 potions of mutation {unknown}
 N - a potion of lignification


   Skills:
 - Level 9.0 Fighting
 - Level 1.1 Maces & Flails
 - Level 0.2(0.7) Staves
 - Level 6.6 Armour
 - Level 6.0 Dodging
 - Level 5.2 Stealth
 * Level 7.8 Shields
 * Level 7.1 Spellcasting
 - Level 8.0 Conjurations
 - Level 5.4 Hexes
 * Level 1.3 Transmutations
 - Level 1.0 Fire Magic
 * Level 4.6 Earth Magic


You had 10 spell levels left.
You knew the following spells:

 Your Spells              Type           Power      Damage    Failure   Level
a - Magic Dart            Conj           100%       1d8       1%          1
b - Searing Ray           Conj           94%        3d6       1%          2
c - Fulminant Prism       Conj/Hex       20%        3d13      1%          4
d - Foxfire               Conj/Fire      100%       2x1d9     1%          1
e - Stone Arrow           Conj/Erth      76%        3d11      1%          3
f - Petrify               Tmut/Erth      22%        N/A       21%         4

Your spell library contained the following spells:

 Spells                   Type           Power      Damage    Failure   Level
 Airstrike                Air            4%         N/A       17%         4
 Freeze                   Ice            32%        1d5       1%          1
 Sandblast                Erth           60%        2d14      1%          1
 Dazzling Flash           Conj/Hex       80%        N/A       1%          3
 Passwall                 Tmut/Erth      18%        N/A       3%          2
 Hailstorm                Conj/Ice       27%        3d7       4%          4
 Iskenderun's Mystic Bla  Conj/Tloc      27%        2d7       4%          4
 Frozen Ramparts          Ice            16%        1d3       6%          3
 Animate Skeleton         Necr           16%        N/A       7%          1
 Pain                     Necr           32%        1d5       7%          1
 Lee's Rapid Deconstruct  Erth           15%        3d11*     9%          5
 Ozocubu's Armour         Ice            8%         N/A       22%         3
 Vampiric Draining        Necr           4%         2d6       22%         3
 Animate Dead             Necr           4%         N/A       56%         4
 Summon Ice Beast         Ice/Summ       8%         N/A       56%         4
 Agony                    Necr           8%         N/A       89%         5


Dungeon Overview and Level Annotations

Branches:
Dungeon (12/15)            Temple (1/1) D:4            Lair (0/6) D:11
    Orc (0/2) D:10

Altars:
Ashenzari
Cheibriados
Dithmenos
Elyvilon
Fedhas
Gozag
Hepliaklqana
Kikubaaqudgha
Makhleb
Nemelex Xobeh
Okawaru
Qazlal
Ru
Sif Muna
Trog
Uskayaw
Vehumet
Wu Jian
Xom
Yredelemnul
Zin
The Shining One

Shops:
D:4 ([(:   D:5 *   D:8 (


Innate Abilities, Weirdness & Mutations

Your stone body is resilient. (AC +8)
You are immune to poison.
You resist negative energy. (rN+)
You are resistant to electric shocks. (rElec)
You are resistant to unholy torment.
You can survive without breathing.
You are immune to petrification.


Message History

The boulder beetle barely misses you.
Your fulminant prism explodes!
The blast of energy engulfs the boulder beetle!!
The boulder beetle is moderately wounded.
Casting: Fulminant Prism (dangerous; 1% risk of failure)
Confirm with . or Enter, or press ? or * to list all spells.
Aiming: Fulminant Prism (dangerous; 1% risk of failure)
Press: ? - help, Dir - move target You conjure a prism of explosive energy!
A fulminant prism comes into view.
The boulder beetle leaps!
The boulder beetle bites you!
Your fulminant prism crackles loudly.
You hit the boulder beetle but do no damage.
The boulder beetle is moderately wounded.
The boulder beetle barely misses you.
A soldier ant comes into view.
Your fulminant prism explodes!
The blast of energy engulfs the boulder beetle!
The boulder beetle is heavily wounded.
The blast of energy engulfs you!!
* * * LOW HITPOINT WARNING * * *
The boulder beetle barely misses you.
You hear a horrible gurgling sound!
There is a stone staircase leading up here.
The boulder beetle closely misses you.
You climb upwards.
There is a stone staircase leading down here.
Casting: Fulminant Prism (dangerous; 1% risk of failure)
Confirm with . or Enter, or press ? or * to list all spells.
Aiming: Fulminant Prism (dangerous; 1% risk of failure)
Press: ? - help, Dir - move target You conjure a prism of explosive energy!
A fulminant prism comes into view.
The boulder beetle bites you!
* * * LOW HITPOINT WARNING * * *
You hit the boulder beetle but do no damage.
The boulder beetle is heavily wounded.
The boulder beetle bites you!!
You die...

##...## ##..#
##.....###...##
#.#...........#
##............####
#............##...
##..........#.....
#................
##>.*.............
#@B#..............
###>..............
####..............
#.........#.......
#.##......###.....
##.......#..######
#............#
#......###...##
#.....## ##...#


You could see a boulder beetle (ally target) and a friendly fulminant prism.

Vanquished Creatures
  Harold (D:11)
  A boulder beetle (D:12)
  A two-headed ogre (D:11)
  An unseen horror (D:9)
  4 centaur skeletons (D:11)
  Maggie (D:7)
  Psyche (D:9)
  A harpy zombie (D:10)
  3 trolls
  2 wraiths
  2 wyverns
  Eustachio (D:6)
  14 yaks
  Menkaure (D:4)
  2 wargs (D:11)
  A water moccasin (D:11)
  Duvessa (D:7)
  5 orc warriors
  2 sky beasts
  3 ice beasts
  A necrophage (D:7)
  11 ogres
  8 centaurs
  A phantom (D:11)
  A kobold brigand (D:10)
  5 bullfrogs
  6 gnoll sergeants (D:10)
  A wyvern zombie (D:12)
  A water moccasin zombie (D:6)
  4 scorpions
  Dowan (D:7)
  A water moccasin skeleton (D:9)
  6 killer bees (D:8)
  6 wights
  A howler monkey (D:10)
  4 jellies
  2 bullfrog zombies
  A centaur zombie (D:10)
  A bullfrog skeleton (D:10)
  6 human zombies (D:7)
  3 orc priests
  Crazy Yiuf (D:7)
  6 hounds
  2 human skeletons (D:7)
  An iguana (D:5)
  10 orc wizards
  5 worker ants
  A killer bee zombie (D:7)
  2 hound skeletons
  2 mummies (D:7)
  A gnoll (D:10)
  10 adders
  2 white imps
  2 adder zombies
  An adder skeleton (D:8)
  6 worms
  3 dart slugs
  4 leopard geckos
  57 orcs
  7 giant cockroaches
  7 goblins
  6 hobgoblins
  9 jackals
  6 quokkas
  2 ball pythons
  7 bats
  7 frilled lizards
  A giant cockroach zombie (D:5)
  10 kobolds
  A leopard gecko zombie (D:8)
  5 rats
303 creatures vanquished.

Vanquished Creatures (others)
  A sky beast (D:8)
  An ufetubus (D:8)
  15 foxfires
  50 fulminant prisms
  A plant (D:11)
68 creatures vanquished.

Grand Total: 371 creatures vanquished

Notes
Turn   | Place    | Note
-------+----------+-------------------------------------------
     0 | D:1      | jestyr24 the Gargoyle Conjurer began the quest for the Orb.
     0 | D:1      | Reached XP level 1. HP: 10/10 MP: 3/3
   392 | D:2      | Reached XP level 2. HP: 15/15 MP: 3/5
   787 | D:1      | Reached skill level 5 in Conjurations
   832 | D:1      | Reached XP level 3. HP: 19/19 MP: 6/6
   848 | D:1      | Learned a level 2 spell: Searing Ray
  1594 | D:2      | Reached XP level 4. HP: 23/24 MP: 7/7
  1604 | D:2      | Reached skill level 1 in Fighting
  2518 | D:3      | Upgraded the game from 0.27-a0-604-g29a88b33a7 to
                  | 0.27-a0-633-gc6addc0a40
  2643 | D:3      | Noticed a bullfrog
  2652 | D:3      | Killed a bullfrog
  2653 | D:3      | Reached skill level 2 in Fighting
  2653 | D:3      | Reached XP level 5. HP: 17/30 MP: 5/8
  3265 | D:4      | Reached XP level 6. HP: 35/35 MP: 2/10
  3345 | D:4      | Found Kumotiux's Book Shoppe.
  3355 | D:4      | Learned a level 4 spell: Fulminant Prism
  3369 | D:4      | Noticed Menkaure
  3373 | D:4      | Identified the +2 leather armour of Juvul {Regen+ Str-2
                  | Dex+4}
  3381 | D:4      | Killed Menkaure
  3382 | D:4      | Reached skill level 1 in Armour
  3473 | D:4      | Found a staircase to the Ecumenical Temple.
  3483 | Temple   | Entered the Ecumenical Temple
  3627 | Temple   | Became a worshipper of Vehumet
  3815 | D:4      | Reached skill level 1 in Hexes
  3815 | D:4      | Reached XP level 7. HP: 40/40 MP: 5/11
  3969 | D:4      | Found Comnia's Antique Weapon Shoppe.
  3994 | D:4      | Found Tibbaix's Antique Armour Shoppe.
  4228 | D:4      | Found Ewojea's Weapon Shoppe.
  4538 | D:5      | Entered Level 5 of the Dungeon
  4551 | D:5      | Reached skill level 3 in Fighting
  4717 | D:5      | Found Xirhicvy's Assorted Antiques.
  4890 | D:5      | Reached * piety under Vehumet
  4890 | D:5      | Offered knowledge of Freeze by Vehumet.
  5663 | D:6      | Reached XP level 8. HP: 36/48 MP: 7/12
  5747 | D:6      | Reached skill level 4 in Fighting
  5911 | D:6      | Noticed Eustachio
  5951 | D:6      | Killed Eustachio
  6435 | D:6      | Offered knowledge of Foxfire by Vehumet.
  6714 | D:7      | Reached ** piety under Vehumet
  6715 | D:7      | Reached skill level 5 in Fighting
  6731 | D:7      | Noticed Duvessa
  6735 | D:7      | Noticed Dowan
  6738 | D:7      | Killed Dowan
  6748 | D:7      | Killed Duvessa
  6749 | D:7      | Reached XP level 9. HP: 43/54 MP: 1/14
  6861 | D:7      | Found a runed translucent door.
  6862 | D:7      | Noticed Crazy Yiuf
  6871 | D:7      | Killed Crazy Yiuf
  7122 | D:7      | Reached skill level 6 in Fighting
  7122 | D:7      | Reached skill level 5 in Armour
  7405 | D:7      | Noticed Maggie
  7442 | D:7      | Killed Maggie
  7443 | D:7      | Reached skill level 5 in Dodging
  7572 | D:8      | Reached skill level 7 in Fighting
  7609 | D:8      | Identified the +3 leather armour of Idecw {rElec}
  7688 | D:8      | Found Wuoli's Weapon Shoppe.
  7690 | D:8      | Noticed a skeletal warrior
  7691 | D:8      | Noticed a skeletal warrior
  7691 | D:8      | Noticed a skeletal warrior
  7787 | D:7      | Learned a level 1 spell: Foxfire
  7868 | D:5      | HP: 2/57 [skeletal warrior/+0 hand axe[a skeletal warrior]
                  | (18)]
  8077 | D:8      | Offered knowledge of Ignite Poison by Vehumet.
  8109 | D:8      | Noticed a skeletal warrior
  8313 | D:8      | Identified the +2 leather armour of Veoth {rF+ Str+2}
  8414 | D:8      | Reached XP level 10. HP: 62/64 MP: 16/16
  8432 | D:8      | Reached *** piety under Vehumet
  8433 | D:8      | Reached skill level 8 in Fighting
  8707 | D:9      | Noticed an unseen horror
  8779 | D:9      | Found a blossoming altar of Fedhas.
  8949 | D:9      | Reached skill level 9 in Fighting
  9150 | D:9      | Offered knowledge of Mephitic Cloud by Vehumet.
  9358 | D:9      | Noticed Psyche
  9369 | D:9      | Killed Psyche
  9370 | D:9      | Reached skill level 5 in Hexes
  9382 | D:9      | Killed an unseen horror
  9383 | D:9      | Reached skill level 5 in Spellcasting
  9767 | D:10     | Entered Level 10 of the Dungeon
  9997 | D:10     | Reached XP level 11. HP: 71/71 MP: 19/19
 10135 | D:10     | Reached skill level 5 in Stealth
 10200 | D:10     | Found a white marble altar of Elyvilon.
 10400 | D:10     | Reached skill level 1 in Fire Magic
 10675 | D:10     | Reached **** piety under Vehumet
 10855 | D:10     | Found a staircase to the Orcish Mines.
 10903 | D:10     | Offered knowledge of Airstrike by Vehumet.
 10949 | D:10     | Reached skill level 1 in Maces & Flails
 11288 | D:8      | Noticed a skeletal warrior
 11499 | D:4      | Bought a book of Geomancy for 385 gold pieces
 11503 | D:4      | Learned a level 3 spell: Stone Arrow
 11657 | D:11     | Reached skill level 1 in Shields
 11664 | D:11     | Reached skill level 1 in Earth Magic
 11697 | D:11     | Noticed a two-headed ogre
 11710 | D:11     | Found a staircase to the Lair.
 11723 | D:11     | Noticed Harold
 11745 | D:11     | Killed Harold
 11788 | D:11     | Reached skill level 5 in Shields
 11790 | D:11     | Killed a two-headed ogre
 11884 | D:11     | Learned a level 4 spell: Petrify
 12690 | D:12     | Noticed a boulder beetle
 12732 | D:12     | Killed a boulder beetle
 12733 | D:12     | Reached skill level 1 in Transmutations
 12733 | D:12     | Reached XP level 12. HP: 59/76 MP: 14/22
 12944 | D:12     | Noticed a boulder beetle
 12962 | D:11     | Slain by a boulder beetle

Illustrated notes

Levels and vault maps discovered:
D:1:      psy_arrival_spokes, layout_rooms
D:2:      layout_loops_cross
D:3:      layout_loops_ring
D:4:      layout_loops_corners, minmay_temple_entry_junction_2, serial_shops,
          nicolae_shop_crystal, shop, nicolae_shop_window_shopping,
          kennysheep_little_box, chequers_serial_rivers_micro_a, uniq_menkaure
D:5:      layout_gridville, serial_shops, kennysheep_mini_moat
D:6:      nicolae_whirlpool, layout_basic, chequers_serial_rivers_large_a,
          uniq_eustachio
D:7:      layout_rooms, lemuel_mausoleum_altar_yredelemnul,
          uniq_crazy_yiuf_cottage, uniq_maggie, uniq_duvessa
D:8:      nzn_winding_woodlands_three_and_one [nzn_winding_woodlands_5x15_pool,
          nzn_winding_woodlands_5x15_sidewinder,
          nzn_winding_woodlands_5x15_split_checker,
          nzn_winding_woodlands_center_pierced_h], layout_basic,
          kennysheep_mini, serial_shops, shop_fountains
D:9:      layout_basic, fedhas_altar_4, uniq_psyche
D:10:     layout_gridville, kennysheep_orc_monster_closet_entryway, basic_altar
D:11:     layout_big_octagon, erik_lair_orcish_takeover, uniq_harold
D:12:     cheibrodos_breeding_chamber, layout_long_grid
Temple:   kilobyte_greek_temple

Skill      XL: |  1  2  3  4  5  6  7  8  9 10 11 12 |
---------------+-------------------------------------+-----
Conjurations   | 5 6 7 8 |  8.0
Dodging        | 2 3 4 5 6 |  6.0
Fighting       | 2 3 5 7 9 |  9.0
Stealth        | 3 4 5 |  5.2
Armour         | 1 3 4 5 6 |  6.6
Spellcasting   | 3 4 5 6 7 |  7.1
Hexes          | 1 2 3 4 5 |  5.4
Fire Magic     | 1 |  1.0
Maces & Flails | 1 |  1.1
Shields        | 7 |  7.8
Earth Magic    | 4 |  4.6
Transmutations | 1 |  1.3
Staves         | |  0.2

Action                   |  1- 3 |  4- 6 |  7- 9 | 10-12 || total
-------------------------+-------+-------+-------+-------++-------
Melee: Unarmed           |     2 |       |       |       ||     2
       Mace              |    99 |    74 |   122 |       ||   295
       Quarterstaff      |       |       |   223 |    87 ||   310
       War axe           |       |       |   103 |       ||   103
       Flail             |       |       |       |   146 ||   146
       Spear             |       |       |       |     6 ||     6
 Cast: Magic Dart        |    48 |    32 |    54 |    43 ||   177
       Searing Ray       |       |    13 |    29 |    44 ||    86
       Foxfire           |       |       |     2 |     6 ||     8
       Fulminant Prism   |       |       |       |    51 ||    51
       Petrify           |       |       |       |     3 ||     3
  Use: Scroll            |       |       |    14 |     1 ||    15
       Potion            |       |       |       |     2 ||     2
 Stab: Sleeping          |     3 |     6 |    11 |     1 ||    21
       Petrified         |       |       |     8 |       ||     8
       Paralysed         |       |       |     1 |     3 ||     4
       Confused          |       |       |     1 |       ||     1
Armor: Robe              |    57 |    35 |       |       ||    92
       Leather armour    |       |    11 |   272 |   150 ||   433
       Acid dragon scale |       |       |     6 |    30 ||    36
       Skin              |       |       |     1 |     8 ||     9
Dodge: Dodged            |    92 |    96 |   415 |   257 ||   860
Block: Kite shield       |       |       |       |   107 ||   107

Table legend: (Time is in decaauts)
 A = Elapsed time spent in this place.
 B = Non-inter-level travel time spent in this place.
 C = Inter-level travel time spent in this place.
 D = Time resting spent in this place.
 E = Time spent auto-exploring this place.
 F = Levels seen in this place.
 G = Mean time per level.
                   A        B        C        D        E       F      G
               +--------+--------+--------+--------+--------+-----+--------+
         Total |  13378 |  12565 |    813 |   1949 |   6418 |  13 | 1029.1 |
       Dungeon |  13104 |  12343 |    761 |   1949 |   6242 |  12 | 1092.0 |
        Temple |    273 |    221 |     52 |      0 |    176 |   1 |  273.0 |
               +--------+--------+--------+--------+--------+-----+--------+

Top non-repeatable levels by time:
    D:10: 1500 daAuts
     D:2: 1351 daAuts
     D:4: 1338 daAuts
     D:6: 1313 daAuts
     D:5: 1162 daAuts
     D:7: 1132 daAuts
     D:9: 1115 daAuts
     D:8: 1023 daAuts
    D:11: 1014 daAuts
     D:1: 894 daAuts
     D:3: 882 daAuts
    D:12: 376 daAuts
  Temple: 273 daAuts
